 Dungeon Crawl Stone Soup version 0.28.0-45-g0d030f2227 (webtiles) character file.

Game seed: 8049189829072907105

5488 hawla the Cruncher (level 10, -11/73 HPs)
             Began as a Pale Draconian Conjurer on Apr 18, 2022.
             Mangled by Maggie
             ... wielding a +0 glaive
              (14 damage)
             ... on level 6 of the Dungeon on Apr 19, 2022.
             The game lasted 00:24:53 (8647 turns).

hawla the Cruncher (Pale Draconian Conjurer)        Turns: 8647, Time: 00:24:53

Health: -11/73     AC:  9    Str: 10    XL:     10   Next: 42%
Magic:  17/17      EV: 12    Int: 22    God:
Gold:   220        SH:  5    Dex: 10    Spells: 9/19 levels left

rFire   . . .      SeeInvis .   e - staff of cold
rCold   + . .      Faith    .   (no shield)
rNeg    . . .      Spirit   .   (armour unavailable)
rPois   .          Reflect  +   (helmet restricted)
rElec   .          Harm     .   l - +0 cloak
rCorr   .          Rampage  .   (no gloves)
Will    +....                   v - +0 pair of boots
Stlth   +.........              p - amulet of reflection
HPRegen 0.22/turn               g - ring of willpower
MPRegen 0.15/turn               (no ring)

@: silenced, hasted, very quick
A: breathe steam, AC +7, unfitting armour, cold-blooded, steam resistance
a: Breathe Steam


You were on level 6 of the Dungeon.
You visited 1 branch of the dungeon, and saw 6 of its levels.

You collected 220 gold pieces.

Inventory:

Missiles
 b - 3 curare-tipped darts
 c - 2 poisoned darts (quivered)
 n - 6 boomerangs
 r - 3 silver javelins
 s - 3 javelins
Armour
 l - a +0 cloak (worn)
 v - a +0 pair of boots (worn)
Magical Staves
 e - a staff of cold (weapon)
Jewellery
 g - a ring of willpower (left hand)
 p - an amulet of reflection (around neck)
Wands
 f - a wand of iceblast (5)
 m - a wand of mindburst (10)
 o - a wand of flame (13)
Scrolls
 q - a scroll of enchant armour {unknown}
 t - a scroll of identify
Potions
 a - a potion of might
 i - 2 potions of flight
 k - a potion of degeneration


   Skills:
 - Level 2.0 Fighting
 + Level 10.6 Staves
 - Level 2.5 Dodging
 - Level 2.8 Stealth
 - Level 5.0 Spellcasting
 - Level 8.0 Conjurations
 - Level 2.0 Necromancy
 - Level 0.4 Translocations
 - Level 10.3 Air Magic


You had 9 spell levels left.
You knew the following spells:

 Your Spells              Type           Power      Damage    Failure   Level
a - Magic Dart            Conj           100%       1d8       1%          1
b - Searing Ray           Conj           80%        2d7       1%          2
c - Iskenderun's Mystic   Conj/Tloc      24%        2d7       19%         4
d - Vampiric Draining     Necr           14%        2d7       13%         3

Your spell library contained the following spells:

 Spells                   Type           Power      Damage    Failure   Level
 Animate Skeleton         Necr           28%        N/A       4%          1
 Pain                     Necr           56%        1d6       4%          1
 Dazzling Flash           Conj/Hex       46%        N/A       6%          3
 Fulminant Prism          Conj/Hex       11%        3d9       19%         4
 Confusing Touch          Hex            5%         N/A       30%         3
 Yara's Violent Unravell  Hex/Tmut       2%         3d3       95%         5
 Enfeeble                 Hex            2%         N/A       100%        7


Dungeon Overview and Level Annotations

Branches:
Dungeon (6/15)
 Temple: D:4-7

Altars:
Fedhas

Shops:
D:4 *

Annotations:
D:3 Edmund
D:6 Maggie


Innate Abilities, Weirdness & Mutations

You can breathe blasts of scalding, opaque steam.
Your pale cyan-grey scales are hard. (AC +7)
You cannot fit into any form of body armour.
You are cold-blooded and may be slowed by cold attacks.
You are immune to the effects of steam.


Message History

Maggie is moderately wounded.
Maggie hits you with a +0 glaive.
You hit Maggie but do no damage.
Your tail-slap misses Maggie.
Maggie is moderately wounded.
You block Maggie's attack.
You hit Maggie but do no damage. You tail-slap Maggie, but do no damage.
Maggie is moderately wounded.
You hit Maggie but do no damage. You tail-slap Maggie.
Maggie is heavily wounded.
You block Maggie's attack.
Your magical contamination has completely faded away.
You barely miss Maggie. You tail-slap Maggie.
Maggie is heavily wounded.
Maggie drinks a potion.
Maggie seems to speed up.
You hit Maggie but do no damage. You tail-slap Maggie, but do no damage.
Maggie is heavily wounded.
Maggie completely misses you.
You barely miss Maggie.
Maggie is heavily wounded.
Maggie hits you with a +0 glaive!
You closely miss Maggie.
Maggie is heavily wounded.
Maggie hits you but does no damage.
You are confused.
You feel invigorated. Maggie hits you with a +0 glaive!
Maggie barely misses you. Maggie hits you with a +0 glaive.
* * * LOW HITPOINT WARNING * * *
Maggie completely misses you.
You feel less invigorated.
You feel less confused. Maggie hits you with a +0 glaive. x2
* * * LOW HITPOINT WARNING * * *
Maggie hits you with a +0 glaive.
* * * LOW HITPOINT WARNING * * *
Maggie misses you.
Maggie hits you from afar with a +0 glaive!
* * * LOW HITPOINT WARNING * * *
You feel yourself speed up.
Maggie hits you from afar with a +0 glaive!
You die...

#.. #..## #.#
###...#
#.#####.....#
#.#.......... #.#.#
#>..#.# #.#.#
#..#.###.#..# #.#.##
#...@.@......
#....###..#.###.#...
#.....##>.#.###.#.
##....##...........
##.#.##.##.......#
#.#........##.#....
#.#........# ....#
#.#........####....
#.#.............#.#


You could see Maggie (fast).

Vanquished Creatures
  Pikel (D:3)
  6 yaks (D:6)
  A steam dragon (D:6)
  Menkaure (D:6)
  A water moccasin (D:6)
  A sky beast (D:5)
  An ice beast (D:6)
  A necrophage (D:3)
  2 ogres
  2 centaurs (D:6)
  A phantom (D:5)
  A lemure (D:4)
  A kobold brigand (D:3)
  3 bullfrogs
  A wyvern zombie (D:4)
  A water moccasin skeleton (D:5)
  A jelly (D:5)
  2 bullfrog skeletons
  A gnoll shaman (D:6)
  5 orc priests
  A centaur skeleton (D:6)
  4 hounds
  2 iguanas
  5 orc wizards
  Ijyb (D:4)
  A hound zombie (D:5)
  3 gnolls (D:5)
  6 adders
  A shadow imp (D:5)
  A white imp (D:6)
  An adder skeleton (D:4)
  A worm (D:3)
  3 dart slugs
  15 orcs
  5 endoplasms
  2 giant cockroaches
  5 goblins
  8 hobgoblins
  4 jackals
  8 kobolds
  2 quokkas
  6 ball pythons
  6 bats
  A frilled lizard (D:2)
  A quokka skeleton (D:4)
  7 rats
134 creatures vanquished.

Vanquished Creatures (others)
  7 bushes (D:6)
  31 plants
38 creatures vanquished.

Grand Total: 172 creatures vanquished

Notes
Turn   | Place    | Note
-------+----------+-------------------------------------------
     0 | D:1      | hawla the Draconian Conjurer began the quest for the Orb.
     0 | D:1      | Reached XP level 1. HP: 14/14 MP: 3/3
   532 | D:1      | Reached XP level 2. HP: 20/20 MP: 3/5
  1039 | D:2      | Found a blossoming altar of Fedhas.
  1193 | D:2      | Reached XP level 3. HP: 26/26 MP: 3/6
  1532 | D:1      | Learned a level 2 spell: Searing Ray
  1869 | D:2      | Reached skill level 5 in Conjurations
  2420 | D:3      | Reached XP level 4. HP: 33/33 MP: 2/8
  2983 | D:3      | Reached XP level 5. HP: 38/38 MP: 9/9
  3049 | D:3      | Noticed a necrophage
  3063 | D:3      | Killed a necrophage
  3064 | D:3      | Reached skill level 1 in Staves
  3210 | D:4      | Noticed Edmund
  3238 | D:3      | Reached skill level 1 in Fighting
  3238 | D:3      | Reached XP level 6. HP: 20/47 MP: 1/11
  3766 | D:4      | Noticed Ijyb
  3781 | D:4      | Killed Ijyb
  4087 | D:5      | Entered Level 5 of the Dungeon
  4386 | D:5      | Learned a level 4 spell: Iskenderun's Mystic Blast
  4541 | D:4      | Found the +10 tower shield of Ignorance {rN+ Int-4}
  4792 | D:4      | Your scales start taking on a pale cyan-grey colour.
  4792 | D:4      | Reached XP level 7. HP: 41/53 MP: 1/13
  4792 | D:4      | Gained mutation: You are immune to the effects of steam.
                  | [Pale Draconian growth]
  5206 | D:4      | Identified the +3 robe of Jewaan {Str+4 Int+4 Dex-3}
  5226 | D:4      | Found Usmiethuala's General Store.
  5243 | D:4      | Noticed Pikel
  5255 | D:4      | Identified the +0 leather armour "Vobixu" {*Corrode Will+
                  | Dex+7}
  5731 | D:3      | Killed Pikel
  5732 | D:3      | Reached skill level 5 in Spellcasting
  5732 | D:3      | Reached XP level 8. HP: 39/61 MP: 1/15
  6489 | D:5      | Reached skill level 5 in Staves
  7254 | D:5      | Reached XP level 9. HP: 47/67 MP: 2/16
  7678 | D:6      | Reached skill level 10 in Air Magic
  7678 | D:6      | Reached XP level 10. HP: 73/73 MP: 17/17
  7719 | D:6      | Learned a level 3 spell: Vampiric Draining
  7837 | D:6      | Reached skill level 10 in Staves
  8357 | D:6      | Noticed Menkaure
  8364 | D:6      | Killed Menkaure
  8619 | D:6      | Noticed Maggie
  8646 | D:6      | HP: 3/73 [Maggie/+0 glaive (17)]
  8647 | D:6      | Mangled by Maggie

Illustrated notes

Levels and vault maps discovered:
D:1:      minmay_arrival_plants_in_alcoves, layout_basic, minmay_split_cup_small
D:2:      layout_basic, basic_altar
D:3:      layout_basic, kennysheep_generic_room_11
D:4:      layout_cave_pools, serial_bayou, serial_bayou_pond_a,
          serial_bayou_pond_d, serial_bayou_pond_e, serial_bayou_ford_a,
          serial_shops, nicolae_shop_competitors_out_of_business,
          kennysheep_generic_room_8, uniq_pikel, uniq_edmund, uniq_ijyb
D:5:      layout_loops_ring, supply_closet_lemuel
D:6:      layout_loops_ring, fedhas_altar_decomposition, uniq_duvessa,
          uniq_menkaure, uniq_maggie

Skill      XL: |  1  2  3  4  5  6  7  8  9 10 |
---------------+-------------------------------+-----
Stealth        | 2 |  2.8
Conjurations   | 5 6 8 |  8.0
Spellcasting   | 3 4 5 |  5.0
Staves         | 1 3 6 9 10 | 10.6
Dodging        | 2 |  2.5
Fighting       | 1 2 |  2.0
Necromancy     | 2 |  2.0
Air Magic      | 10 | 10.3
Translocations | |  0.4

Action                   |  1- 3 |  4- 6 |  7- 9 | 10-12 || total
-------------------------+-------+-------+-------+-------++-------
Melee: Club              |     4 |       |       |       ||     4
       Tailslap          |     2 |     4 |     7 |     5 ||    18
       Staff             |     8 |    31 |    53 |    12 ||   104
       Punch             |       |       |     1 |     1 ||     2
Throw: Dart              |       |       |     1 |       ||     1
 Cast: Magic Dart        |    51 |    12 |     8 |     5 ||    76
       Searing Ray       |     9 |    26 |    32 |    18 ||    85
       Iskenderun's Myst |       |     6 |    13 |     6 ||    25
Evoke: Wand              |       |       |     2 |       ||     2
  Use: Scroll            |     5 |       |     4 |     2 ||    11
       Potion            |       |     1 |    10 |     2 ||    13
 Stab: Distracted        |       |     1 |       |       ||     1
       Sleeping          |       |       |     1 |       ||     1
Armor: Skin              |    11 |    47 |    63 |    12 ||   133
Dodge: Dodged            |    17 |    67 |    81 |    28 ||   193
Block: Other             |       |       |       |     4 ||     4
